 Dungeon Crawl Stone Soup version 0.21-a0-404-g291f19a (webtiles) character file.

407 Mitsuki the Skirmisher (level 6, -2/56 HPs)
             Began as a Hill Orc Fighter on Oct 27, 2017.
             Was an Initiate of the Shining One.
             Slain by an orc wizard
             ... wielding a +0 dagger of electrocution
              (16 damage)
             ... on level 4 of the Dungeon.
             The game lasted 00:08:26 (3001 turns).

Mitsuki the Skirmisher (Hill Orc Fighter)           Turns: 3001, Time: 00:08:27

Health: -2/56      AC: 11    Str: 21    XL:     6   Next: 88%
Magic:  17/17      EV:  7    Int:  8    God:    the Shining One [......]
Gold:   228        SH:  9    Dex: 10    Spells: 5/5 levels left

rFire    . . .     SeeInvis .   a - +0 flail
rCold    . . .     Gourm    .   c - +0 shield
rNeg     . . .     Faith    .   b - +0 scale mail
rPois    .         Spirit   .   (no helmet)
rElec    .         Reflect  .   (no cloak)
rCorr    .         Harm     .   q - +0 pair of gloves
MR       .....                  y - +2 pair of boots
Stlth    ..........             (no amulet)
HPRegen  0.18/turn              g - ring of magical power
MPRegen  0.15/turn              s - ring of loudness (curse)

@: glowing
A: no striking features
a: Renounce Religion, Convert to Beogh


You were on level 4 of the Dungeon.
You worshipped the Shining One.
The Shining One was noncommittal.
You were not hungry.

You visited 1 branch of the dungeon, and saw 4 of its levels.

You collected 228 gold pieces.

Inventory:

Hand Weapons
 a - a +0 flail (weapon)
Armour
 b - a +0 scale mail (worn)
 c - a +0 shield (worn)
 q - a +0 pair of gloves (worn)
 y - a +2 pair of boots (worn)
Jewellery
 g - a ring of magical power (left hand)
 s - a cursed ring of loudness (right hand)
 x - an uncursed ring of magical power
Scrolls
 e - a scroll of amnesia {unknown}
 j - 6 scrolls of identify {unknown}
 l - a scroll of recharging {unknown}
 m - 2 scrolls of blinking {unknown}
 o - 2 scrolls of fear {unknown}
 p - a scroll of enchant armour {unknown}
 t - 3 scrolls of teleportation {unknown}
 u - a scroll of enchant weapon {unknown}
 v - a scroll of remove curse {unknown}
Potions
 k - 2 potions of curing {unknown}
 n - a potion of ambrosia {unknown}
 w - a potion of degeneration {unknown}
Comestibles
 d - 3 chunks of flesh
 f - 6 bread rations
 h - 2 meat rations
 i - 2 royal jellies
 r - 3 fruits


   Skills:
 + Level 5.2 Fighting
 + Level 4.0 Maces & Flails
 + Level 4.7 Armour
 + Level 4.7 Shields
 + Level 3.1 Invocations


You had 5 spell levels left.
You didn't know any spells.

Dungeon Overview and Level Annotations

Branches:
Dungeon (4/15)             Temple (0/1) D:4

Altars:
Xom
The Shining One


Message History

The orc wizard hits you but does no damage.
You closely miss the orc wizard.
The orc wizard casts a spell.
The orc wizard seems to speed up.
Something hits you but does no damage.
You are electrocuted!
You block the orc's attack. The orc wizard barely misses you.
You take 10 damage, and have 30/56 hp.
Your shield and scale mail prevent you from hitting the orc wizard.
Something hits you but does no damage.
The orc wizard mumbles some strange words.
The orc wizard seems to speed up.
The orc barely misses you. Something hits you.
You are electrocuted!
* * * LOW HITPOINT WARNING * * *
You hit the orc wizard.
The orc wizard is heavily wounded.
The orc wizard casts a spell.
The orc wizard blinks!
You block the orc's attack. You block the orc wizard's attack.
Something hits you but does no damage.
You are electrocuted!
You die...

#........#.. .......
#........#.. .......
#........#.. ...o...
#........#.. .......
#........#.. .......
#........#.. .......
#........+..
......o#########'######..
#ooo@.....#.......#..
#..o{.....#.......+..
#.........'.......#..
#.........#.......#..
#..o......#.......#..
#.........#.##....#..
####'#########....#..
.... #....#.. '....
#....'..


You could see an orc priest, 2 orc wizards and 3 orcs.

Vanquished Creatures
  Edmund (D:4)
  An ogre (D:3)
  2 hounds
  An iguana (D:4)
  3 adders
  4 gnolls (D:3)
  4 worms
  2 dart slugs
  2 leopard geckos
  2 orcs
  A ball python (D:3)
  4 giant cockroaches
  5 goblins
  5 hobgoblins
  4 bats
  2 frilled lizards
  2 kobolds
  A leopard gecko skeleton (D:4)
  8 rats
54 creatures vanquished.

Notes
Turn   | Place    | Note
-------+----------+-------------------------------------------
     0 | D:1      | Mitsuki the Hill Orc Fighter began the quest for the Orb.
     0 | D:1      | Reached XP level 1. HP: 19/19 MP: 1/1
   102 | D:1      | Reached XP level 2. HP: 18/27 MP: 2/2
   365 | D:1      | Reached skill level 4 in Fighting
   587 | D:1      | Reached XP level 3. HP: 32/33 MP: 3/3
  1450 | D:2      | Found a glowing golden altar of the Shining One.
  1458 | D:2      | Found a shimmering altar of Xom.
  1475 | D:2      | Became a worshipper of the Shining One
  1560 | D:3      | Reached XP level 4. HP: 40/40 MP: 4/4
  2216 | D:4      | Reached skill level 1 in Invocations
  2328 | D:3      | Reached XP level 5. HP: 34/47 MP: 6/6
  2662 | D:4      | Noticed an ogre
  2664 | D:4      | Noticed Edmund
  2714 | D:3      | Killed an ogre
  2714 | D:3      | Reached skill level 5 in Fighting
  2714 | D:3      | Reached XP level 6. HP: 47/56 MP: 7/7
  2774 | D:4      | Killed Edmund
  2901 | D:4      | Found a staircase to the Ecumenical Temple.
  3001 | D:4      | Slain by an orc wizard

Vault maps used:
D:1:      tarquinn_simple_flora_water_a
D:2:      minitemple
D:4:      minmay_temple_entry_fiery, uniq_edmund

Skill      XL: |  1  2  3  4  5  6 |
---------------+-------------------+-----
Fighting       | 4 5 |  5.2
Maces & Flails | 3 4 |  4.0
Armour         | 4 |  4.7
Shields        | 4 |  4.7
Invocations    | 1 2 3 |  3.1

Action                   |  1- 3 |  4- 6 || total
-------------------------+-------+-------++-------
Melee: Flail             |   104 |    97 ||   201
  Use: Potion            |       |     2 ||     2
  Eat: Chunk             |     2 |     5 ||     7
Armor: Scale mail        |    34 |    58 ||    92
Dodge: Dodged            |    26 |    34 ||    60
Block: Shield            |    54 |    60 ||   114

Table legend:
 A = Spawn XP
 B = Non-spawn XP
 C = Spawn XP percentage of total XP
 D = Spawn monster count
 E = Non-spawn monster count
 F = Spawn count percentage of total count
 G = Total turns spent on level
                    A         B        C        D         E        F      G
               +---------+---------+-------+---------+---------+-------+---------
         Total |       0 |     582 |   0.0 |       0 |      54 |   0.0 |  3001
               +---------+---------+-------+---------+---------+-------+---------
           D:1 |       0 |      34 |   0.0 |       0 |      20 |   0.0 |   687
           D:2 |       0 |      37 |   0.0 |       0 |      13 |   0.0 |   813
           D:3 |       0 |     259 |   0.0 |       0 |      15 |   0.0 |   965
           D:4 |       0 |     252 |   0.0 |       0 |       6 |   0.0 |   536
               +---------+---------+-------+---------+---------+-------+---------
